 Dungeon Crawl Stone Soup version 0.32-a0-42-ga30500b (webtiles) character file.

Game seed: 6697372029538832956

740 Dorkslayer the Ruffian (level 7, -4/47 HPs)
             Began as an Octopode Fighter on Jan 29, 2024.
             Slain by Pikel
             ... wielding a +1 whip of flaming
              (5 damage)
             ... on level 5 of the Dungeon.
             The game lasted 00:10:29 (3138 turns).

Dorkslayer the Ruffian (Octopode Fighter)           Turns: 3138, Time: 00:10:29

Health: -4/47      AC:  1    Str: 17    XL:     7   Next: 75%
Magic:  7/7        EV: 13    Int: 10    God:
Gold:   205        SH:  4    Dex: 12    Spells: 6/6 levels left

rFire   . .          .
                       - Unarmed
rCold   . . .        a - +0 buckler
rNeg    . . .        (helmet restricted)
rPois   .            (no amulet)
rElec   .            (no ring)
rCorr   .            (no ring)
SInv    .            (no ring)
Will    .....        (no ring)
Stlth   +++          (no ring)
HPRegen 0.27/turn    (no ring)
MPRegen 0.10/turn    (no ring)
                     (no ring)

%: no passive effects
@: no status effects
A: almost no armour, amphibious, 8 rings, camouflage 1, gelatinous body 1,
(nimble swimmer 1), tentacles
a: no special abilities


You were on level 5 of the Dungeon.
You visited 1 branch of the dungeon, and saw 5 of its levels.

You collected 205 gold pieces.

Inventory:

Armour
 a - a +0 buckler (worn)
Talismans
 e - a serpent talisman
 l - a flux talisman
Wands
 h - a wand of digging (6)
 j - a wand of charming (6)
Scrolls
 d - a scroll of immolation
 f - 2 scrolls of enchant armour
 g - 2 scrolls of poison
Potions
 b - a potion of lignification
 c - a potion of mutation


   Skills:
 * Level 3.8 Fighting
 + Level 4.0 Dodging
 + Level 3.6 Stealth
 + Level 3.8 Shields
 + Level 5.9 Unarmed Combat
 * Level 2.4 Evocations
 * Level 1.4 Shapeshifting


You had 6 spell levels left.
You didn't know any spells.
Your spell library contained the following spells:

 Spells                   Type           Power      Damage    Failure   Level
 Freeze                   Ice            0%         1d3       43%         1
 Sting                    Conj/Alch      0%         1d3       43%         1
 Mercury Vapours          Alch/Air       0%         N/A       58%         2
 Sublimation of Blood     Necr           0%         N/A       58%         2
 Call Canine Familiar     Summ           0%         N/A       82%         3
 Frozen Ramparts          Ice            0%         1d1       82%         3
 Hailstorm                Conj/Ice       0%         3d5       82%         3
 Mephitic Cloud           Conj/Alch/Air  0%         N/A       82%         3
 Sigil of Binding         Hex            0%         N/A       82%         3
 Dimensional Bullseye     Hex/Tloc       0%         N/A       99%         4
 Olgreb's Toxic Radiance  Alch           0%         N/A       99%         4
 Petrify                  Alch/Erth      0%         N/A       99%         4
 Vhi's Electric Charge    Tloc/Air       0%         N/A       99%         4
 Arcjolt                  Conj/Air       0%         1d10      100%        5
 Freezing Cloud           Conj/Ice/Air   0%         6-21      100%        5
 Irradiate                Conj/Alch      0%         3d11      100%        5
 Maxwell's Capacitive Co  Air            0%         ∞         100%        8


Dungeon Overview and Level Annotations

Branches:
Dungeon (5/15)             Temple (0/1) D:5

Altars:
Ashenzari
Cheibriados
Makhleb
Yredelemnul
Zin

Shops:
D:2 :

Annotations:
D:5 Grinder, Pikel


Innate Abilities, Weirdness & Mutations

You cannot wear most types of armour.
You are amphibious.
You can wear up to eight rings at the same time.
Your skin changes colour to match your surroundings (Stealth+).
Your rubbery body absorbs attacks. (AC +1, EV +1)
((You are camouflaged when in or above water. (Stealth+)))
You have tentacles for arms and can constrict up to eight enemies at once.


Message History

You tentacle-slap the lemure. You squeeze the lemure.
The lemure is heavily wounded.
You constrict the lemure. The lemure hits you!
* * * LOW HITPOINT WARNING * * *
You release your grip on the lemure.
The lemure attacks as it pursues you! The lemure barely misses you.
You barely miss the lemure. You grab the lemure.
The lemure is severely wounded.
You constrict the lemure. The lemure closely misses you.
You tentacle-slap the lemure but do no damage.
The lemure is severely wounded.
You constrict the lemure. The lemure hits you but does no damage.
Aiming: Charm
Press: ? - help, Shift-Dir - straight line, f - lemure
Aim: a lemure (severely wounded, constricted by you, chance to affect: 55%)
The lemure resists with significant effort.
You constrict the lemure.
Pikel says, "You'll feel the lick of my whip!"
You lose your grip on the lemure.
You tentacle-slap Pikel. You grab Pikel.
Pikel is lightly wounded.
You constrict Pikel.
The howler monkey hoots and howls with incredible vigour!
You tentacle-slap Pikel but do no damage.
Pikel is lightly wounded.
You constrict Pikel, but do no damage. Pikel closely misses you.
You tentacle-slap Pikel.
Pikel is lightly wounded.
You constrict Pikel, but do no damage.
Pikel hits you with a +1 whip of flaming!
* * * LOW HITPOINT WARNING * * *
Pikel burns you.
* * * LOW HITPOINT WARNING * * *
Okay, then.
You tentacle-slap Pikel but do no damage.
Pikel is lightly wounded.
You constrict Pikel.
Pikel hits you with a +1 whip of flaming.
You die...
Pikel says, "See you in Hell!"

.#..............###
###...# ##
.#..........>.###
###.K.#.####.
............###
#............
..........###
#.##...#....#
..<.....###
#......#.##.. .......##
#5#.##....... .....###
##### ###.#....##..#.
...###
#.....####.o....#.....#.
..##
.......@K#.#..#.#.##....
###
......###5h#5h#......##.
# ..... #..#....##.> ##
.... #....##..... .# ...
#.......#.## .# ..
.~.....##.# .. .## .
...~...#.. .. # ..#
...~...#.##.##. ..##
..#≈#.##...."..


You could see Pikel, a lemure and a howler monkey.

Vanquished Creatures
  A black bear (D:5)
  An ogre (D:4)
  2 phantoms (D:4)
  A scorpion (D:5)
  Dowan (D:5)
  2 bombardier beetles
  2 hounds (D:4)
  An orc wizard (D:4)
  Robin (D:4)
  7 adders
  A white imp (D:5)
  2 ribbon worms (D:2)
  2 dart slugs (D:2)
  4 orcs
  4 ball pythons
  3 bats
  8 endoplasms
  2 giant cockroaches (D:3)
  13 goblins
  7 hobgoblins
  3 jackals (D:3)
  2 quokkas
  8 kobolds
  2 rats
80 creatures vanquished.

Vanquished Creatures (collateral kills)
  A hobgoblin (D:4)
1 creature vanquished.

Vanquished Creatures (others)
  Duvessa (D:5)
  An ogre (D:4)
2 creatures vanquished.

Grand Total: 83 creatures vanquished

Notes
Turn   | Place    | Note
-------+----------+-------------------------------------------
     0 | D:1      | Dorkslayer the Octopode Fighter began the quest for the
                  | Orb.
     0 | D:1      | Reached XP level 1. HP: 16/16 MP: 1/1
   104 | D:1      | Found a faded altar of an unknown god.
   177 | D:1      | Reached XP level 2. HP: 20/21 MP: 2/2
   639 | D:2      | Reached XP level 3. HP: 26/26 MP: 3/3
   873 | D:2      | Found Samefawa's Book Emporium.
   883 | D:2      | Reached skill level 3 in Unarmed Combat
   950 | D:2      | Reached XP level 4. HP: 21/31 MP: 4/4
  1321 | D:3      | Reached skill level 1 in Stealth
  1619 | D:4      | Noticed a phantom
  1628 | D:4      | Noticed an ogre
  1637 | D:4      | Killed a phantom
  1638 | D:4      | Reached skill level 4 in Unarmed Combat
  1638 | D:4      | Reached XP level 5. HP: 25/36 MP: 5/5
  1701 | D:4      | Noticed Robin
  1721 | D:4      | Reached skill level 1 in Evocations
  1729 | D:4      | Reached XP level 6. HP: 27/42 MP: 6/6
  1733 | D:4      | Killed Robin
  1871 | D:4      | Found a snail-covered altar of Cheibriados.
  1937 | D:4      | Found a basalt altar of Yredelemnul.
  1938 | D:4      | Found a broken altar of Ashenzari.
  1968 | D:4      | Found a burning altar of Makhleb.
  1973 | D:4      | Noticed a cacodemon
  1974 | D:4      | Found a glowing silver altar of Zin.
  1975 | D:4      | Noticed an angel
  2149 | D:4      | Reached skill level 5 in Unarmed Combat
  2280 | D:4      | Reached XP level 7. HP: 15/47 MP: 7/7
  2622 | D:5      | Entered Level 5 of the Dungeon
  2703 | D:5      | Noticed a two-headed ogre
  2708 | D:5      | Noticed Pikel
  2709 | D:5      | Noticed Grinder
  2726 | D:5      | Reached skill level 1 in Shapeshifting
  2895 | D:5      | Noticed Duvessa
  2896 | D:5      | Noticed Dowan
  2908 | D:5      | Your ally Duvessa died
  2911 | D:5      | Killed Dowan
  3119 | D:5      | Found a staircase to the Ecumenical Temple.
  3137 | D:5      | HP: 1/47 [Pikel/+1 whip of flaming (4)]
  3138 | D:5      | Slain by Pikel

Illustrated notes

Levels and vault maps discovered:
D:1:      evilmike_arrival_rings, layout_rooms,
          hellmonk_ecumenical_altar_blasted, minmay_pentomino_t4
D:2:      layout_basic, serial_shops,
          nicolae_shop_temple_entry_statues_fountains
D:3:      layout_rooms
D:4:      layout_rooms, mainiacjoe_overflow_brackets,
          gammafunk_temple_overflow_statue,
          grunt_temple_overflow_order_and_chaos_2, minmay_misc_feat_five,
          nicolae_half_adder, uniq_robin
D:5:      layout_cave_pods, minmay_temple_entry_ruins,
          chequers_serial_rivers_micro_a, uniq_duvessa, uniq_pikel, uniq_grinder

Skill      XL: |  1  2  3  4  5  6  7 |
---------------+----------------------+-----
Unarmed Combat | 3 4 5 |  5.9
Stealth        | 1 2 3 |  3.6
Evocations     | 1 2 |  2.4
Shapeshifting  | 1 |  1.4
Dodging        | 4 |  4.0
Fighting       | |  3.8
Shields        | |  3.8

Action                     |  1- 3 |  4- 6 |  7- 9 || total
---------------------------+-------+-------+-------++-------
  Melee: Unarmed           |    63 |   116 |    48 ||   227
         Constrict         |    15 |    20 |    11 ||    46
         Tentacles         |    12 |    25 |     6 ||    43
         Punch             |     2 |     3 |     3 ||     8
  Evoke: Wand              |       |       |     4 ||     4
    Use: Scroll            |       |     4 |     2 ||     6
         Potion            |       |     3 |     1 ||     4
   Stab: Sleeping          |     5 |     3 |     5 ||    13
 Armour: Skin              |    23 |    47 |    30 ||   100
  Dodge: Dodged            |    27 |    55 |    37 ||   119
  Block: Buckler           |    18 |    21 |    12 ||    51

Table legend: (Time is in decaauts)
 A = Elapsed time spent in this place.
 B = Non-inter-level travel time spent in this place.
 C = Inter-level travel time spent in this place.
 D = Time resting spent in this place.
 E = Time spent auto-exploring this place.
 F = Levels seen in this place.
 G = Mean time per level.
                   A        B        C        D        E       F      G
               +--------+--------+--------+--------+--------+-----+--------+
         Total |   3129 |   3129 |      0 |    276 |   1428 |   5 |  625.8 |
       Dungeon |   3129 |   3129 |      0 |    276 |   1428 |   5 |  625.8 |
               +--------+--------+--------+--------+--------+-----+--------+

Top non-repeatable levels by time:
     D:4: 999 daAuts
     D:1: 631 daAuts
     D:2: 554 daAuts
     D:5: 514 daAuts
     D:3: 430 daAuts
